 Dungeon Crawl Stone Soup version 0.29-a0-96-g93358da72b (webtiles) character file.

Game seed: 9395595853709088284

39 enile the Ducker (level 3, -7/18 HPs)
             Began as a Spriggan Warper on Feb 11, 2022.
             Was a Follower of the Shining One.
             Killed by nerve-wracking pain
             ... invoked by Jessica
              (13 damage)
             ... on level 2 of the Dungeon.
             The game lasted 00:03:32 (1489 turns).

enile the Ducker (Spriggan Warper)                  Turns: 1489, Time: 00:03:33

Health: -7/18      AC:  2    Str:  7    XL:     3   Next: 26%
Magic:  8/8        EV: 19    Int: 14    God:    the Shining One [*.....]
Gold:   37         SH:  0    Dex: 16    Spells: 5/7 levels left

rFire   . . .      SeeInvis +   a - +0 short sword
rCold   . . .      Faith    .   (no shield)
rNeg    . . .      Spirit   .   b - +0 robe
rPois   .          Reflect  .   (helmet restricted)
rElec   .          Harm     .   (no cloak)
rCorr   .          Rampage  .   (gloves unavailable)
Will    .....                   (boots unavailable)
Stlth   +.........              (no amulet)
HPRegen 0.06/turn               (no ring)
MPRegen 0.11/turn               (no ring)

@: glowing, very quick
A: very small, no large weapons, unfitting armour, see invisible, speed 3
a: Renounce Religion, Divine Shield


You were on level 2 of the Dungeon.
You worshipped the Shining One.
The Shining One was aware of your devotion.
You visited 1 branch of the dungeon, and saw 2 of its levels.

You collected 37 gold pieces.

Inventory:

Hand Weapons
 a - a +0 short sword (weapon)
Missiles
 j - 4 boomerangs (quivered)
Armour
 b - a +0 robe (worn)
Scrolls
 c - a scroll of blinking
 i - a scroll of identify {unknown}
Potions
 d - a potion of might {unknown}
 e - 2 potions of heal wounds {unknown}
 f - 2 potions of brilliance {unknown}
 g - a potion of flight {unknown}
 h - a potion of curing {unknown}
 k - a potion of attraction {unknown}


   Skills:
 - Level 2.0 Fighting
 + Level 2.2 Short Blades
 - Level 1.0 Throwing
 - Level 5.0 Dodging
 - Level 2.6 Spellcasting
 - Level 4.4 Translocations


You had 5 spell levels left.
You knew the following spells:

 Your Spells              Type           Power      Damage    Failure   Level
a - Blink                 Tloc           28%        N/A       5%          2

Your spell library contained the following spells:

 Spells                   Type           Power      Damage    Failure   Level
 Gell's Gravitas          Tloc           14%        N/A       11%         3
 Lesser Beckoning         Tloc           14%        N/A       11%         3
 Teleport Other           Tloc           14%        N/A       11%         3
 Manifold Assault         Tloc           14%        N/A       71%         5


Dungeon Overview and Level Annotations

Branches:
Dungeon (2/15)

Altars:
The Shining One

Annotations:
D:2 Jessica


Innate Abilities, Weirdness & Mutations

You are very small and have problems with some larger weapons.
You are too small for most types of armour.
You have supernaturally acute eyesight. (SInv)
You cover ground extremely quickly. (Speed+++)


Message History

The adder misses you. The adder closely misses you.
You hit the adder.
You kill the adder!
You see here 28 stones.
Found a stone staircase leading down.
A kobold comes into view. It is wielding a +0 short sword.
The kobold shouts!
Jessica the Apprentice Sorceress comes into view.
She is wielding a +0 dagger.
There are monsters nearby!
Found a runed bone ring.
You drop 2 fuming blue potions.
Okay, then.
You throw a boomerang. The boomerang hits the kobold.
The kobold is moderately wounded.
Jessica casts a spell.
Jessica seems to speed up.
You throw a boomerang. The boomerang hits the kobold.
You kill the kobold!
Jessica mumbles some strange words.
Jessica blinks!
Training target 5.0 for Dodging reached!
Your Dodging skill increases to level 5!
You need to enable at least one skill for training.
Jessica is nearby!
You see here 2 fuming blue potions.
f - 2 fuming blue potions Throw: 4 boomerangs
Press: ? - help, Q - select action, (/) - cycle Shift-Dir - straight line, f - Jessica
Aim: Jessica, wielding a +0 dagger and wearing a +0 robe (fast, 60% to hit)
You throw a boomerang. The boomerang closely misses Jessica.
Jessica casts a spell at you. Pain shoots through your body!
Ouch! That really hurt!
Press: ? - help, v - describe, . - travel
Here: Jessica, wielding a +0 dagger and wearing a +0 robe (fast, haloed)
The floor.
Jessica casts a spell at you. Pain shoots through your body!
Ouch! That really hurt!
You die...

..... ##... # >..
#### .. #)# ... ..
#.# ..## . #@# ...###
#. #.# ...<..
#.######.### .....#.
...##.@...# .###.#.#
#.##.#.#.# .........
#......#.#
.#######.###.##.###.#
## #.....##.....#
##########.##########
..(........#
############


You could see Jessica (fast).

Vanquished Creatures
  An adder (D:2)
  A worm (D:2)
  3 bats (D:1)
  3 endoplasms (D:1)
  A giant cockroach (D:1)
  3 goblins (D:1)
  3 hobgoblins (D:1)
  3 ball pythons
  4 frilled lizards (D:1)
  3 kobolds
  A rat (D:1)
26 creatures vanquished.

Notes
Turn   | Place    | Note
-------+----------+-------------------------------------------
     0 | D:1      | enile the Spriggan Warper began the quest for the Orb.
     0 | D:1      | Reached XP level 1. HP: 10/10 MP: 5/5
     2 | D:1      | Noticed a merfolk
     2 | D:1      | Noticed an octopode
     4 | D:1      | Noticed a draconian
     4 | D:1      | Noticed a tengu
     9 | D:1      | Noticed a formicid
     9 | D:1      | Noticed a felid
    11 | D:1      | Noticed a minotaur
    13 | D:1      | Noticed a human
    13 | D:1      | Noticed a naga
    15 | D:1      | Noticed a spriggan
    15 | D:1      | Noticed a vampire
    17 | D:1      | Noticed a vine stalker
    17 | D:1      | Noticed a demonspawn
    19 | D:1      | Noticed an elf
    19 | D:1      | Noticed a dwarf
    21 | D:1      | Noticed a ghoul
    21 | D:1      | Noticed a demigod
    23 | D:1      | Noticed an ogre
    25 | D:1      | Noticed a troll
    25 | D:1      | Noticed a gargoyle
    95 | D:1      | Reached XP level 2. HP: 12/15 MP: 6/6
   137 | D:1      | Found a faded altar of an unknown god.
   150 | D:1      | Prayed at the altar of an unknown god.
   150 | D:1      | Became a worshipper of the Shining One
   150 | D:1      | Reached * piety under the Shining One
   166 | D:1      | Reached skill level 4 in Dodging
   548 | D:1      | Learned a level 2 spell: Blink
  1241 | D:2      | Reached XP level 3. HP: 16/18 MP: 8/8
  1475 | D:2      | Noticed Jessica
  1480 | D:2      | Reached skill level 5 in Dodging
  1489 | D:2      | Killed from afar by Jessica

Illustrated notes

Levels and vault maps discovered:
D:1:      kb_arrival_jail, layout_rooms, shapermc_ecumenical_altar_mp_highgroup
D:2:      cheibrodos_old_hovel, layout_loops_ring, hangedman_decor_push,
          kennysheep_generic_room_14, uniq_jessica

Skill      XL: |  1  2  3 |
---------------+----------+-----
Fighting       | 2 |  2.0
Dodging        | 4 5 |  5.0
Short Blades   | |  2.2
Throwing       | |  1.0
Spellcasting   | |  2.6
Translocations | |  4.4

Action                   || total
-------------------------++-------
Melee: Short sword       ||   102
       Punch             ||     3
Throw: Boomerang         ||     8
 Cast: Blink             ||     2
Armor: Robe              ||    22
Dodge: Dodged            ||    90

Table legend: (Time is in decaauts)
 A = Elapsed time spent in this place.
 B = Non-inter-level travel time spent in this place.
 C = Inter-level travel time spent in this place.
 D = Time resting spent in this place.
 E = Time spent auto-exploring this place.
 F = Levels seen in this place.
 G = Mean time per level.
                   A        B        C        D        E       F      G
               +--------+--------+--------+--------+--------+-----+--------+
         Total |   1238 |   1222 |     16 |    197 |    771 |   2 |  619.0 |
       Dungeon |   1238 |   1222 |     16 |    197 |    771 |   2 |  619.0 |
               +--------+--------+--------+--------+--------+-----+--------+

Top non-repeatable levels by time:
     D:1: 964 daAuts
     D:2: 273 daAuts
